 Dungeon Crawl Stone Soup version 0.25-a0-403-g49d089a (webtiles) character file.

Game seed: 5116816795800158914, levelgen mode: deterministic

61 2tousent the Insei (level 3, 0/28 HPs)
             Began as a Draconian Transmuter on Jan 9, 2020.
             Was a Follower of Uskayaw.
             Slain by an adder (2 damage)
             ... on level 2 of the Dungeon.
             The game lasted 00:03:22 (1248 turns).

2tousent the Insei (Draconian Transmuter)           Turns: 1248, Time: 00:03:23

Health: 0/28       AC:  6    Str: 12    XL:     3   Next: 83%
Magic:  6/6        EV: 12    Int: 13    God:    Uskayaw [*.....]
Gold:   134        SH:  0    Dex: 12    Spells: 0/6 levels left

rFire    . . .     SeeInvis .     - Unarmed
rCold    . . .     Gourm    .   (no shield)
rNeg     . . .     Faith    .   (armour unavailable)
rPois    .         Spirit   .   (helmet restricted)
rElec    .         Reflect  .   (no cloak)
rCorr    .         Harm     .   g - +0 pair of gloves
MR       .....                  (no boots)
Stlth    +.........             (no amulet)
HPRegen  0.09/turn              (no ring)
MPRegen  0.10/turn              (no ring)

@: lethally poisoned (0 -> -7)
A: unfitting armour, cold-blooded, AC +5
a: Stomp, Renounce Religion


You were on level 2 of the Dungeon.
You worshipped Uskayaw.
Uskayaw was noncommittal.
You were not hungry.

You visited 1 branch of the dungeon, and saw 2 of its levels.

You collected 134 gold pieces.

Inventory:

Missiles
 a - 27 arrows
Armour
 g - a +0 pair of gloves (worn)
Scrolls
 d - a scroll of teleportation {unknown}
 e - a scroll of amnesia {unknown}
 f - a scroll of identify {unknown}
 j - a scroll of remove curse {unknown}
 k - a scroll of magic mapping {unknown}
Potions
 b - 2 potions of magic {unknown}
 i - a potion of heal wounds {unknown}
 l - a potion of might {unknown}
Comestibles
 c - 2 rations


   Skills:
 - Level 1.1 Fighting
 - Level 1.7 Dodging
 * Level 3.8 Unarmed Combat
 + Level 2.4 Spellcasting
 * Level 3.0 Transmutations


You couldn't memorise any spells.
You knew the following spells:

 Your Spells              Type           Power        Failure   Level  Hunger
a - Beastly Appendage     Tmut           #.....       7%          1    #......
b - Sticks to Snakes      Tmut           #.......     11%         2    ###....
c - Spider Form           Tmut/Pois      #.........   36%         3    ###....

Your spell library contained the following spells:

 Spells                   Type           Power        Failure   Level  Hunger
 Ice Form                 Ice/Tmut       #.......     78%         4    #####..
 Blade Hands              Tmut           #.........   88%         5    ######.


Dungeon Overview and Level Annotations

Branches:
Dungeon (2/15)

Altars:
Okawaru
Uskayaw
Zin


Innate Abilities, Weirdness & Mutations

Your plain brown scales are hard. (AC +5)
You cannot fit into any form of body armour.
You are cold-blooded and may be slowed by cold attacks.


Message History

You are too injured to fight recklessly!
You are too injured to fight recklessly!
You are too injured to fight recklessly!
You are too injured to fight recklessly!
You are too injured to fight recklessly!
You are too injured to fight recklessly!
You are too injured to fight recklessly!
You are too injured to fight recklessly!
You are too injured to fight recklessly!
You are too injured to fight recklessly!
You are too injured to fight recklessly!
You are too injured to fight recklessly!
You are too injured to fight recklessly!
You feel sick. The adder bites you.
* * * LOW HITPOINT WARNING * * *
You are more poisoned.
The adder poisons you!
* * * LOW HITPOINT WARNING * * *
You feel sick. The adder bites you.
You die...

#........ #########
#..#..... #.......#
#.....### #.......#
##.#..... #.......# #.
#.#.#### #.......# #.#
#.#.# #.......# .. #.#.#
#.......####.####.#.#
#.....S@............#
#.....r.#####.###.######
#.......# #.............
#.......# #....##.####..
#.......###....##.# #..
#....†....#.##..#.# ##._
#########.#. ##.#.# #...
#.#.###...###...
#.#....#..).....


You could see an adder and a rat.

Vanquished Creatures
  An ooze (D:1)
  4 dart slugs
  A leopard gecko (D:2)
  5 bats
  4 giant cockroaches
  9 goblins
  8 hobgoblins
  4 kobolds (D:1)
  A ball python (D:1)
  7 frilled lizards (D:2)
  A rat (D:1)
45 creatures vanquished.

Notes
Turn   | Place    | Note
-------+----------+-------------------------------------------
     0 | D:1      | 2tousent the Draconian Transmuter began the quest for the
                  | Orb.
     0 | D:1      | Reached XP level 1. HP: 16/16 MP: 3/3
   109 | D:1      | Reached XP level 2. HP: 17/23 MP: 5/5
   128 | D:1      | Learned a level 2 spell: Sticks to Snakes
   588 | D:1      | Reached XP level 3. HP: 28/28 MP: 6/6
   792 | D:2      | Found an iron altar of Okawaru.
   793 | D:2      | Found a glowing silver altar of Zin.
   795 | D:2      | Found a hide-covered altar of Uskayaw.
   971 | D:2      | Became a worshipper of Uskayaw the Reveler
  1007 | D:2      | Reached * piety under Uskayaw
  1015 | D:2      | Reached ** piety under Uskayaw
  1027 | D:2      | Reached *** piety under Uskayaw
  1134 | D:2      | Learned a level 3 spell: Spider Form
  1248 | D:2      | Slain by an adder

Levels and vault maps discovered:
D:1:      scummos_arrival_simple_crosswalls, layout_loops_ring
D:2:      layout_basic, grunt_temple_overflow_open, serial_glass,
          glass_columns_a, glass_columns_a, minmay_lizard_pond

Skill      XL: |  1  2  3 |
---------------+----------+-----
Transmutations | 3 |  3.0
Fighting       | |  1.1
Dodging        | |  1.7
Unarmed Combat | |  3.8
Spellcasting   | |  2.4

Action                   || total
-------------------------++-------
Melee: Unarmed           ||   179
       Tailslap          ||    16
       Punch             ||     3
 Cast: Beastly Appendage ||     2
 Stab: Sleeping          ||     2
  Eat: Chunk             ||     1
Armor: Skin              ||    41
Dodge: Dodged            ||   103

Table legend:
 A = Non-vault XP
 B = Vault XP
 C = Vault XP percentage of total XP
 D = Non-vault monster count
 E = Vault monster count
 F = Vault count percentage of total count
                 A         B        C        D         E       F
            +---------+---------+-------+---------+---------+-------
      Total |      81 |       7 |   8.0 |      38 |       7 |  15.6
            +---------+---------+-------+---------+---------+-------
        D:1 |      53 |       0 |   0.0 |      26 |       0 |   0.0
        D:2 |      28 |       7 |  20.0 |      12 |       7 |  36.8
            +---------+---------+-------+---------+---------+-------
